 Dungeon Crawl Stone Soup version 0.29.1-15-g9cfb28693d (webtiles) character file.

Game seed: 6570225119848979014

1829 Peloso the Carver (level 8, -1/70 HPs)
             Began as a Minotaur Fighter on Mar 27, 2023.
             Was a Priest of Okawaru.
             Slain by a shadow (25 damage)
             ... on level 7 of the Dungeon.
             The game lasted 00:14:03 (7787 turns).

Peloso the Carver (Minotaur Fighter)                Turns: 7787, Time: 00:14:03

Health: -1/70      AC: 13    Str: 26    XL:     8   Next: 86%
Magic:  7/7        EV:  9    Int:  5    God:    Okawaru [***...]
Gold:   206        SH:  5    Dex: 13    Spells: 7/7 levels left

rFire   . . .      SeeInvis .   c - +1 long sword
rCold   + + .      Faith    .   d - +0 buckler
rNeg    . . .      Spirit   .   B - +1 chain mail {rC+}
rPois   .          Reflect  .   (helmet restricted)
rElec   .          Harm     .   n - +0 cloak
rCorr   .          Rampage  .   (no gloves)
Will    .....                   (no boots)
Stlth   ..........              t - amulet of regeneration
HPRegen 1.01/turn               h - ring of protection from cold
MPRegen 0.10/turn               p - +6 ring of strength

@: no status effects
A: horns 2, retaliatory headbutt
a: Renounce Religion, Heroism


You were on level 7 of the Dungeon.
You worshipped Okawaru.
Okawaru was most pleased with you.
You visited 2 branches of the dungeon, and saw 8 of its levels.
You also visited: Sewer.

You collected 276 gold pieces.
You spent 70 gold pieces at shops.

Inventory:

Hand Weapons
 a - a -2 double sword
 b - a +2 spear of flaming
 c - a +1 long sword (weapon)
Armour
 d - a +0 buckler (worn)
 n - a +0 cloak (worn)
 B - a +1 chain mail of cold resistance (worn)
Jewellery
 h - a ring of protection from cold (left hand)
 p - a +6 ring of strength (right hand)
 r - a ring of willpower
 s - a ring of resist corrosion
 t - an amulet of regeneration (around neck)
 u - an amulet of guardian spirit
 y - a ring of protection from cold
Wands
 o - a wand of flame (26)
 w - a wand of light (9)
Scrolls
 e - 3 scrolls of amnesia
 f - 2 scrolls of enchant weapon
 g - 3 scrolls of immolation
 j - 2 scrolls of teleportation
 v - 2 scrolls of enchant armour
 x - a scroll of silence {unknown}
Potions
 i - 3 potions of ambrosia
 k - 2 potions of resistance
 l - 2 potions of might
 m - a potion of invisibility {unknown}
 q - a potion of curing
 z - 2 potions of brilliance {unknown}


   Skills:
 + Level 6.2 Fighting
 + Level 9.5 Long Blades
 + Level 7.5 Armour
 + Level 2.3 Dodging
 + Level 0.8 Stealth
 + Level 6.0 Shields
 + Level 0.2 Invocations


You had 7 spell levels left.
You didn't know any spells.
Your spell library contained the following spells:

 Spells                   Type           Power      Damage    Failure   Level
 Ozocubu's Armour         Ice            0%         N/A       100%        3
 Metabolic Englaciation   Hex/Ice        0%         N/A       100%        5
 Simulacrum               Ice/Necr       Unusable   N/A       N/A         6

Dungeon Overview and Level Annotations

Branches:
Dungeon (7/15)             Temple (1/1) D:4           Sewer (visited)

Altars:
Ashenzari
Fedhas
Hepliaklqana
Okawaru
Qazlal
Ru
Sif Muna
Trog
Uskayaw
Vehumet
Wu Jian
Zin
The Shining One

Shops:
D:7 *

Annotations:
D:2 1 runed translucent door, Crazy Yiuf


Innate Abilities, Weirdness & Mutations

You have a pair of horns on your head.
You reflexively headbutt those who attack you in melee.


Message History

You kill the orc!
Okawaru accepts your kill.
A shadow comes into view.
You block the hound's attack.
You slash the hound!
The hound is heavily wounded.
The hound bites you but does no damage.
The shadow slips into darkness.
The shadow flickers and vanishes!
Deactivating autopickup; reactivate with Ctrl-A.
You slash the hound!
You kill the hound!
Okawaru accepts your kill.
Your Shields skill increases to level 6!
You hit something.
The shadow strikes at you from the darkness!
* * * LOW HITPOINT WARNING * * *
Reactivating autopickup.
An orc comes into view. It is wielding a +0 hand axe.
The orc shouts!
You hear two shouts!
You hear a howl!
You hear a shout!
You hit the shadow but do no damage. You headbutt the shadow!
The shadow is heavily damaged.
The shadow closely misses you.
You completely miss the shadow.
You headbutt the shadow, but do no damage.
The shadow is heavily damaged.
The shadow hits you.
You slash the shadow!
The shadow is severely damaged.
The shadow hits you.
* * * LOW HITPOINT WARNING * * *
You closely miss the shadow.
The shadow is severely damaged.
The shadow slips into darkness.
The shadow flickers and vanishes!
Deactivating autopickup; reactivate with Ctrl-A.
A two-headed ogre comes into view.
It is wielding a +0 giant spiked club and a +0 dire flail.
You feel better.
The shadow strikes at you from the darkness!
You die...

#....#### #.......
#.......###.......
#........#..######
####...#...##
####...##..#
#..'...'..>#
#.##...#####
#.##...# #@##...#
**
#{######*********,
#oO,,,,,,,,,,,,,,,
####*************,
**,, **,,, *,,,,
*,*,, *,,**


You could see a two-headed ogre and an orc.

Vanquished Creatures
  A yak (D:4)
  A water moccasin (D:6)
  An orc warrior (D:6)
  Pargi (Sewer)
  2 black bears
  2 ogres (D:6)
  A bullfrog (D:5)
  A gnoll sergeant (D:7)
  3 scorpions
  2 necrophages
  4 hounds
  3 orc priests
  An iguana (D:5)
  2 orc wizards
  2 gnolls (D:5)
  6 river rats (D:5)
  7 adders
  2 white imps
  An ufetubus (D:6)
  2 dart slugs
  2 worms (D:2)
  35 orcs
  10 bats
  7 endoplasms
  3 giant cockroaches
  7 goblins
  3 hobgoblins
  6 jackals
  4 quokkas
  11 ball pythons
  2 frilled lizards
  8 kobolds
  13 rats
156 creatures vanquished.

Vanquished Creatures (others)
  A wizard (D:3)
  73 plants
74 creatures vanquished.

Grand Total: 230 creatures vanquished

Notes
Turn   | Place    | Note
-------+----------+-------------------------------------------
     0 | D:1      | Peloso the Minotaur Fighter began the quest for the Orb.
     0 | D:1      | Reached XP level 1. HP: 19/19 MP: 0/0
   305 | D:1      | Reached XP level 2. HP: 25/27 MP: 1/1
   923 | D:1      | Reached XP level 3. HP: 22/33 MP: 2/2
  1051 | D:1      | Reached skill level 3 in Long Blades
  1832 | D:2      | Found a faded altar of an unknown god.
  1854 | D:2      | Found a runed translucent door.
  1855 | D:2      | Noticed Crazy Yiuf
  2159 | D:2      | Reached XP level 4. HP: 40/40 MP: 3/3
  2514 | D:3      | You fall into a shaft and drop 1 floor!
  2664 | D:3      | Found a hazy altar of Hepliaklqana.
  3013 | D:3      | Found a bloodstained altar of Trog.
  3015 | D:3      | Noticed a wizard
  3157 | D:3      | Killed a wizard
  3281 | D:3      | Reached skill level 4 in Long Blades
  3437 | D:4      | Reached XP level 5. HP: 42/47 MP: 4/4
  3502 | D:4      | Found a staircase to the Ecumenical Temple.
  3514 | Temple   | Entered the Ecumenical Temple
  3522 | Temple   | Became a worshipper of Warmaster Okawaru
  3596 | D:4      | Found a glowing golden altar of the Shining One.
  4004 | D:5      | Entered Level 5 of the Dungeon
  4189 | D:5      | Reached skill level 5 in Long Blades
  4215 | D:5      | Found a glowing drain.
  4224 | Sewer    | Entered a sewer
  4254 | Sewer    | Noticed Pargi
  4258 | Sewer    | Killed Pargi
  4258 | Sewer    | Reached * piety under Okawaru
  4259 | Sewer    | Reached skill level 5 in Armour
  4259 | Sewer    | Reached skill level 5 in Shields
  4259 | Sewer    | Reached XP level 6. HP: 47/53 MP: 5/5
  4444 | D:5      | Reached skill level 1 in Dodging
  4533 | D:5      | Reached skill level 6 in Long Blades
  4784 | D:5      | Noticed a yak
  4989 | D:4      | Reached XP level 7. HP: 39/60 MP: 6/6
  5105 | D:4      | Killed a yak
  5105 | D:4      | Reached ** piety under Okawaru
  5106 | D:4      | Reached skill level 5 in Fighting
  5346 | D:5      | Found a broken altar of Ashenzari.
  5426 | D:5      | Reached skill level 7 in Long Blades
  5813 | D:5      | Reached XP level 8. HP: 16/69 MP: 7/7
  6619 | D:6      | Reached skill level 8 in Long Blades
  6976 | D:6      | Found an ornate altar of the Wu Jian Council.
  7095 | D:6      | Reached *** piety under Okawaru
  7391 | D:7      | Reached skill level 9 in Long Blades
  7414 | D:7      | Found Dukerrepo's Lightly-Used Armoury.
  7425 | D:7      | Bought a -2 double sword for 70 gold pieces
  7786 | D:7      | Noticed a two-headed ogre
  7787 | D:7      | Slain by a shadow

Illustrated notes

Levels and vault maps discovered:
D:1:      dpeg_arrival_three_same_balls, layout_loops_corners,
          minmay_misc_feat_diagonals, dk_noncrumbling_4
D:2:      layout_basic, chequers_ecumenical_altar_twisty,
          uniq_crazy_yiuf_cottage
D:3:      layout_loops_ring, trog_wizard, nicolae_hepliaklqana_hazy_memory,
          minmay_misc_feat_iff, serial_bayou_pond_c, reono_crystal_passage
D:4:      layout_loops_cross, mainiacjoe_overflow_paths,
          minmay_temple_entry_mini_moons
D:5:      wad_woods_stonehenge, layout_basic, portal_sewer_entry_e
D:6:      layout_gridville, nicolae_wu_jian_immortal_techniques,
          kennysheep_generic_room_15
D:7:      layout_basic, minmay_shop_damaged, minmay_manual_moon, uniq_pikel
Temple:   eino_temple_lava

Skill      XL: |  1  2  3  4  5  6  7  8 |
---------------+-------------------------+-----
Fighting       | 4 5 6 |  6.2
Shields        | 4 5 6 |  6.0
Long Blades    | 3 4 5 6 7 9 |  9.5
Armour         | 4 5 6 7 |  7.5
Dodging        | 1 2 |  2.3
Stealth        | |  0.8
Invocations    | |  0.2

Action                   |  1- 3 |  4- 6 |  7- 9 || total
-------------------------+-------+-------+-------++-------
Melee: Long sword        |   125 |   174 |   195 ||   494
       Headbutt          |     9 |    20 |    41 ||    70
Invok: Heroism           |       |       |     2 ||     2
  Use: Scroll            |     6 |     5 |     3 ||    14
       Potion            |       |       |     1 ||     1
Armor: Scale mail        |    67 |     1 |       ||    68
       Chain mail        |       |    71 |    77 ||   148
Dodge: Dodged            |    64 |    71 |    61 ||   196
Block: Buckler           |    43 |    44 |    54 ||   141
